[Event "*** SCC Grand Prix: Titled Tuesday Blitz"]
[Site "Chess.com"]
[Date "2020.06.23"]
[Round "6"]
[White "GMBenjaminBok"]
[Black "Micki-taryan"]
[Result "0-1"]
[WhiteElo "2854"]
[BlackElo "3035"]
[TimeControl "180+1"]
[EndTime "11:05:03 PDT"]
[Termination "Micki-taryan won by resignation"]

1. d4 Nf6 2. c4 e6 3. Nc3 Bb4 4.
Qc2 O-O 5. e4 d6 6. e5 Nfd7 7.
exd6 cxd6 8. Bd3 Nf6 9. Ne2 b6 10. a3 Bxc3+ 11. Nxc3 Bb7 12. O-O Nbd7 13. b4 a6 14. Bf4 e5 15. dxe5 Nxe5 16. Bg5 h6 17. Bh4 Re8 18. Be4 Bxe4 19. Nxe4 g5 20. Bg3 Nxe4 21.
Qxe4 Rc8 22. Rac1 Nxc4 23. Qb7 Nd2 24. Rfd1 Ne4 25. Qxa6 Nc3 26. Rxc3 Rxc3 27. h3 d5 28. a4 Rb3 29. Qb5 d4 30. Rxd4 Re1+ 31. Kh2 Qxd4 32. a5 Rbb1 0-1

[Event "*** SCC Grand Prix: Titled Tuesday Blitz"]
[Site "Chess.com"]
[Date "2020.06.23"]
[Round "6"]
[White "LiemLe"]
[Black "Gordima"]
[Result "1-0"]
[WhiteElo "3000"]
[BlackElo "2740"]
[TimeControl "180+1"]
[EndTime "11:05:03 PDT"]
[Termination "LiemLe won by resignation"]

1. d4 Nf6 2. Nf3 c5 3. d5 b5 4.
Bg5 Qb6 5. Bxf6 Qxf6 6. c3 g6 7. e4 Qb6 8. a4 b4 9. a5 Qb7 10. Bc4 Bg7 11. O-O d6 12. Qd3 O-O 13. Nbd2 Nd7 14. Bb5 Rb8 15. Bc6 Qc7 16. h3 Nf6 17.
Ra4 bxc3 18. bxc3 e6 19. c4 Ba6 20. Re1 exd5 21. exd5 Rb2 22. Ne4 Nd7 23. Qe3 Nb8 24.
Bb5 Bc8 25. a6 Bd7 26. Qf4 Bxb5 27. cxb5 Rd8 28. Nf6+ Kh8 29. Qh4 h6 30. Rae4 1-0

[Event "*** SCC Grand Prix: Titled Tuesday Blitz"]
[Site "Chess.com"]
[Date "2020.06.23"]
[Round "6"]
[White "Durarbayli"]
[Black "FairChess_on_YouTube"]
[Result "0-1"]
[WhiteElo "2847"]
[BlackElo "3001"]
[TimeControl "180+1"]
[EndTime "11:05:05 PDT"]
[Termination "FairChess_on_YouTube won by resignation"]

1. e4 c5 2. b3 b6 3. Bb2 Bb7 4. Nc3 Nc6 5. f4 e6 6. Nf3 d5 7. exd5 exd5 8. d4 Nf6 9. Bb5 a6 10. Bxc6+ Bxc6 11. Ne5 Bb7 12. Qd3 cxd4 13. Qxd4 Bc5 14.
Qd3 d4 15. Ne2 Bb4+ 16. Kf1 O-O 17. Qxd4 Bc5 18. Qxd8 Raxd8 19. Nd3 Ng4 20. Nxc5 bxc5 21. h3 Ne3+ 22. Kf2 Rfe8 23. Be5 Nxc2 24. Rac1 Nb4 25. Kg3 f6 26. Rxc5 fxe5 27. fxe5 Rd3+ 28. Kh2 Rd2 29. Nf4 Nd3 30. Kg3 Nxc5 0-1

[Event "*** SCC Grand Prix: Titled Tuesday Blitz"]
[Site "Chess.com"]
[Date "2020.06.23"]
[Round "6"]
[White "rubhani"]
[Black "Angry_Twin"]
[Result "0-1"]
[WhiteElo "2533"]
[BlackElo "2800"]
[TimeControl "180+1"]
[EndTime "11:05:06 PDT"]
[Termination "Angry_Twin won on time"]

1. e4 c5 2. Nf3 d6 3. d3 Nf6 4. g3 g6 5. Bg2 Bg7 6. O-O O-O 7. Nc3 Nc6 8. Be3 Rb8 9. a4 a6 10. h3 b5 11. axb5 axb5 12. Nh4 b4 13. Ne2 Bb7 14. f4 Ra8 15. Qd2 Nd7 16. Rxa8 Qxa8 17. b3 Qa2 18. f5 Ra8 19. Bh6 Bh8 20. e5 Ndxe5 21. Bd5 Nd8 22. fxg6 hxg6 23. Nxg6 Nxg6 24. Rxf7 Bxd5 25.
Rf8+ Kh7 26. Qg5 Nf7 27. Qxd5 Rxf8 28. Bxf8 Qa1+ 29. Kg2 Qf6 30. Qh5+ Kg8 31. Bh6 Nh4+ 32. gxh4 Qxh6 33. Qg4+ Qg7 34. Nf4 Ne5 0-1

[Event "*** SCC Grand Prix: Titled Tuesday Blitz"]
[Site "Chess.com"]
[Date "2020.06.23"]
[Round "6"]
[White "Gurvich_Vitaly"]
[Black "RestartingChess"]
[Result "1-0"]
[WhiteElo "2555"]
[BlackElo "2442"]
[TimeControl "180+1"]
[EndTime "11:05:06 PDT"]
[Termination "Gurvich_Vitaly won by resignation"]

1. e4 Nf6 2. e5 Nd5 3. d4 d6 4.
Nf3 g6 5. Be2 Bg7 6. O-O O-O 7.
c4 Nb6 8. h3 c5 9. exd6 exd6 10. d5 N8d7 11. Nc3 Ne5 12. Nd2 Qh4 13. Qb3 Bh6 14. Nde4 Bxc1 15. Raxc1 Rd8 16. f4 f5 17. Nxd6 Rxd6 18. fxe5 Qd4+ 19. Kh1 Qxe5 20. Bf3 Qd4 21. Nb5 Qf6 22. Nxd6 Qxd6 23. Rfe1 Bd7 24. Qc3 Re8 25. Rxe8+ Bxe8 26. Re1 Bf7 27. b3 Nd7 28. Qe3 b6 29. Qe7 Qg3 30. Rf1 Ne5 31. d6 Nxf3 32. Rxf3 1-0

[Event "*** SCC Grand Prix: Titled Tuesday Blitz"]
[Site "Chess.com"]
[Date "2020.06.23"]
[Round "6"]
[White "A-Fier"]
[Black "GM_dmitrij"]
[Result "1-0"]
[WhiteElo "2783"]
[BlackElo "2902"]
[TimeControl "180+1"]
[EndTime "11:05:07 PDT"]
[Termination "A-Fier won by checkmate"]

1. d4 Nf6 2. c4 e6 3. Nf3 b6 4.
g3 Ba6 5. b3 Bb4+ 6. Bd2 Be7 7.
Bg2 d5 8. cxd5 exd5 9. O-O O-O 10. Nc3 Re8 11. Rc1 Nbd7 12. Re1 Rc8 13. Bf4 Nf8 14.
Ne5 c6 15. e4 Ne6 16. Be3 Bb4 17. f3 c5 18. exd5 Nxd5 19. Nxd5 Bxe1 20. f4 cxd4 21.
Rxc8 Qxc8 22. Qh5 dxe3 23. Be4 Nf8 24. Bxh7+ Nxh7 25. Qxf7+ Kh8 26. Ng6# 1-0

[Event "*** SCC Grand Prix: Titled Tuesday Blitz"]
[Site "Chess.com"]
[Date "2020.06.23"]
[Round "6"]
[White "Lucas_Tomiello"]
[Black "Bazarov04"]
[Result "0-1"]
[WhiteElo "2326"]
[BlackElo "2505"]
[TimeControl "180+1"]
[EndTime "11:05:07 PDT"]
[Termination "Bazarov04 won by resignation"]

1. e4 d6 2. d4 Nf6 3. Nc3 c6 4. Be3 g6 5. f3 Bg7 6. Qd2 b5 7. Bh6 Bxh6 8. Qxh6 b4 9. Nce2 Qa5 10.
Qd2 c5 11. d5 Nbd7 12. h4 Qb6 13. Nf4 h5 14. Ngh3 Ne5 15. Ng5 Ba6 16. Bxa6 Qxa6 17.
Qe2 Qb6 18. O-O a5 19. g3 c4+ 20. Kg2 Rc8 21. a3 O-O 22. axb4 axb4 23. g4 hxg4 24.
h5 gxf3+ 25. Nxf3 Neg4 26. hxg6 fxg6 27. Ne6 Nh5 28. Nxf8 Nf4+ 0-1

[Event "*** SCC Grand Prix: Titled Tuesday Blitz"]
[Site "Chess.com"]
[Date "2020.06.23"]
[Round "6"]
[White "NMZanette"]
[Black "Marcin"]
[Result "1-0"]
[WhiteElo "2175"]
[BlackElo "2372"]
[TimeControl "180+1"]
[EndTime "11:05:11 PDT"]
[Termination "NMZanette won by resignation"]

1. e4 c5 2. Nf3 e6 3. c3 d5 4.
exd5 Qxd5 5. d4 Nf6 6. Nbd2 Nc6 7. Bc4 Qd8 8. dxc5 Bxc5 9. O-O O-O 10. Qe2 a6 11.
Ne4 Be7 12. Rd1 Qc7 13. Bg5 b5 14. Bxf6 gxf6 15. Bd3 Bb7 16. Ng3 Ne5 17. Be4 Nxf3+ 18.
Bxf3 f5 19. Nh5 Bxf3 20. Qxf3 Rad8 21. g4 Kh8 22. gxf5 Qe5 23. f6 Bd6 24. Ng3 Rg8 25. Kh1 Rg6 26. Re1 Qxf6 27. Qxf6+ Rxf6 28. Ne4 Rf4 29.
Rad1 Be7 30. Rxd8+ Bxd8 31. Kg2 Bb6 32. f3 Kg7 33.
Rd1 f5 34. Ng3 Bc5 35. Nh5+ 1-0

[Event "*** SCC Grand Prix: Titled Tuesday Blitz"]
[Site "Chess.com"]
[Date "2020.06.23"]
[Round "6"]
[White "Arman_Hakemi"]
[Black "Dr-Bassem"]
[Result "0-1"]
[WhiteElo "2577"]
[BlackElo "2798"]
[TimeControl "180+1"]
[EndTime "11:05:13 PDT"]
[Termination "Dr-Bassem won by resignation"]

1. b4 Nf6 2. Bb2 g6 3. g3 Bg7 4.
Bg2 O-O 5. c4 d6 6. d3 e5 7. Nd2 Re8 8. Ngf3 a5 9. b5 Nbd7 10. O-O Nc5 11. a4 Bf5 12. Nb3 e4 13.
dxe4 Nfxe4 14. Bxg7 Kxg7 15. Nfd4 Qf6 16. Nxf5+ Qxf5 17. Qd4+ Qe5 18. Qxe5+ Rxe5 19. Nxc5 Nxc5 20. e3 Rae8 21. Rfc1 f5 22. Rc3 g5 23. Bd5 b6 24.
Kg2 h5 25. Kf3 Kg6 26. Bc6 Rf8 27. Bd5 h4 28. gxh4 g4+ 29. Kg3 Rxd5 0-1

[Event "*** SCC Grand Prix: Titled Tuesday Blitz"]
[Site "Chess.com"]
[Date "2020.06.23"]
[Round "6"]
[White "OK97"]
[Black "LiverpooL174"]
[Result "0-1"]
[WhiteElo "2827"]
[BlackElo "2691"]
[TimeControl "180+1"]
[EndTime "11:05:15 PDT"]
[Termination "LiverpooL174 won by resignation"]

1. d4 Nf6 2. Nf3 d6 3. Nc3 Nbd7 4. e4 e5 5. Bc4 Be7 6. a4 O-O 7. O-O c6 8. h3 a6 9. a5 h6 10. Re1 Re8 11. Be3 Qc7 12. d5 Rb8 13. Ba2 cxd5 14.
Bxd5 Bf8 15. Nd2 b5 16. axb6 Nxb6 17. Bb3 Be6 18. Rxa6 Bxb3 19. cxb3 Nbd7 20. Qe2 Nc5 21. Bxc5 Qxc5 22. Rea1 Rec8 23. R6a5 Qd4 24. R5a4 Qc5 25.
Rc4 Qb6 26. Rxc8 Rxc8 27. Qd3 Rd8 28. Nd5 Nxd5 29. Qxd5 Rb8 30. Ra3 g6 31. Nc4 Qb4 32.
Ra7 Qe1+ 33. Kh2 Qxf2 34. Ra8 Qf4+ 35. Kg1 Qc1+ 36. Kh2 Qf4+ 37. Kg1 Rxa8 38. Qxa8 Qc1+ 39. Kh2 Qf4+ 40. Kg1 Qc1+ 41. Kf2 Qc2+ 42. Kg1 Qxb3 43. Qd5 h5 44. Kh2 h4 45. Qc6 Qg3+ 46. Kg1 Qe1+ 47. Kh2 Bh6 48. Nxd6 Bf4+ 0-1

[Event "*** SCC Grand Prix: Titled Tuesday Blitz"]
[Site "Chess.com"]
[Date "2020.06.23"]
[Round "6"]
[White "FedaMaster"]
[Black "SantoBlue"]
[Result "0-1"]
[WhiteElo "2499"]
[BlackElo "2798"]
[TimeControl "180+1"]
[EndTime "11:05:16 PDT"]
[Termination "SantoBlue won on time"]

1. e4 d6 2. d4 Nf6 3. Nc3 e5 4. Nf3 Nbd7 5. Bc4 Be7 6. O-O O-O 7. Re1 c6 8. a4 h6 9. b3 Re8 10. h3 Bf8 11. dxe5 dxe5 12. Qe2 a5 13. Rd1 Qc7 14. Nh4 Nc5 15. Qf3 Nh7 16. Nf5 Be6 17. Bxe6 Nxe6 18.
Qg3 Kh8 19. Be3 h5 20. Qf3 g6 21. Nh6 Nf4 22. g3 Bxh6 23. gxf4 Bxf4 24. Bxf4 exf4 25. Rd4 Qe5 26. Rad1 Ng5 27. Qd3 f3 28. h4 Ne6 29. Rc4 Qf4 30. Kf1 Qg4 31. Ke1 Nf4 0-1

[Event "*** SCC Grand Prix: Titled Tuesday Blitz"]
[Site "Chess.com"]
[Date "2020.06.23"]
[Round "6"]
[White "aa175"]
[Black "Colombiano07"]
[Result "1-0"]
[WhiteElo "2404"]
[BlackElo "2225"]
[TimeControl "180+1"]
[EndTime "11:05:18 PDT"]
[Termination "aa175 won by resignation"]

1. d4 d5 2. Bf4 e6 3. e3 Nf6 4. Nd2 c5 5. c3 Nc6 6. Ngf3 Bd6 7.
Bg3 Qc7 8. dxc5 Bxg3 9. hxg3 e5 10. Qa4 O-O 11. Qh4 h6 12. e4 d4 13. cxd4 exd4 14. Qf4 Qxf4 15. gxf4 Re8 16. Bd3 Nd5 17.
g3 Ndb4 18. Ke2 Nxd3 19. Kxd3 b6 20. Nb3 Ba6+ 21. Kd2 Rab8 22. Rac1 Rxe4 23. Rhe1 Rxe1 24. Nxe1 Bc8 25. cxb6 Rxb6 26. Nf3 Be6 27. Nfxd4 Nxd4 28. Nxd4 Rxb2+ 29. Rc2 Rxa2 30. Rxa2 Bxa2 31. Nc6 a6 32. Kc3 Bd5 33. Ne7+ 1-0

[Event "*** SCC Grand Prix: Titled Tuesday Blitz"]
[Site "Chess.com"]
[Date "2020.06.23"]
[Round "6"]
[White "ChessicallyInclined"]
[Black "EvgenyRomanov"]
[Result "1-0"]
[WhiteElo "2490"]
[BlackElo "2629"]
[TimeControl "180+1"]
[EndTime "11:05:19 PDT"]
[Termination "ChessicallyInclined won by checkmate"]

1. d4 Nf6 2. c4 c5 3. d5 b5 4. cxb5 a6 5. f3 d6 6. e4 g6 7. Na3 Bg7 8. Ne2 axb5 9. Nxb5 O-O 10. Nec3 Nbd7 11. Be3 Ne5 12. Be2 Ne8 13. O-O f5 14. f4 Ng4 15. Bxg4 fxg4 16. Qe2 Nc7 17. a4 h5 18. Rad1 Nxb5 19. axb5 Qe8 20. Bc1 Bd4+ 21.
Be3 Bg7 22. e5 dxe5 23. fxe5 Rxf1+ 24. Rxf1 Bxe5 25. Bxc5 Bg7 26. Bxe7 Bd7 27. d6 Rb8 28.
Qc4+ Kh7 29. Rf7 Rc8 30. Qf4 Bf5 31. Rxf5 gxf5 32. Qxf5+ Kh6 33. Bg5# 1-0

[Event "*** SCC Grand Prix: Titled Tuesday Blitz"]
[Site "Chess.com"]
[Date "2020.06.23"]
[Round "6"]
[White "Orest_Vovk"]
[Black "mfwagnerpeixoto"]
[Result "1-0"]
[WhiteElo "2396"]
[BlackElo "2202"]
[TimeControl "180+1"]
[EndTime "11:05:20 PDT"]
[Termination "Orest_Vovk won by resignation"]

1. h4 d5 2. h5 Nf6 3. h6 gxh6 4. d3 h5 5. Nf3 Nc6 6. Bf4 Bg7 7. Qd2 d4 8. Bh6 Rg8 9. g3 Bg4 10. Bg2 Qd7 11.
Bxg7 Rxg7 12. Na3 O-O-O 13. Nc4 Kb8 14. O-O-O Be6 15. Na5 Nxa5 16. Qxa5 Qd5 17. Qb4 Qxa2 18. Nxd4 Nd5 19. Nc6+ Ka8 20. Bxd5 Rxd5 21. Nxe7 Ra5 22. Kd2 c5 23. Qc3 Rg5 24. Qh8+ 1-0

[Event "*** SCC Grand Prix: Titled Tuesday Blitz"]
[Site "Chess.com"]
[Date "2020.06.23"]
[Round "6"]
[White "zaur-mammadov"]
[Black "manmanlai1"]
[Result "1-0"]
[WhiteElo "2606"]
[BlackElo "2426"]
[TimeControl "180+1"]
[EndTime "11:05:22 PDT"]
[Termination "zaur-mammadov won by resignation"]

1. e4 c5 2. c3 e6 3. d4 d5 4. e5 Bd7 5. Nf3 Qb6 6. Na3 Na6 7. Nc2 Bb5 8. Bd3 Rc8 9. O-O Ne7 10. dxc5 Nxc5 11. Bxb5+ Qxb5 12. Ncd4 Qa6 13. h4 Nc6 14. h5 h6 15. Nxc6 Rxc6 16. Nd4 Rc8 17. Qg4 Qd3 18.
f4 Ne4 19. f5 Bc5 20. Qxg7 Bxd4+ 21. cxd4 Qxd4+ 22. Kh1 Kd7 23. fxe6+ Kc6 24. exf7 Kb6 25. Bxh6 Ka5 26. b4+ Ka4 27. e6 Rxh6 28. Qxd4 Ng3+ 29.
Kh2 1-0

[Event "*** SCC Grand Prix: Titled Tuesday Blitz"]
[Site "Chess.com"]
[Date "2020.06.23"]
[Round "6"]
[White "Zq1"]
[Black "dpopadic"]
[Result "1-0"]
[WhiteElo "2508"]
[BlackElo "2333"]
[TimeControl "180+1"]
[EndTime "11:05:30 PDT"]
[Termination "Zq1 won by resignation"]

1. d4 Nf6 2. c4 g6 3. Nc3 Bg7 4.
e4 d6 5. Nf3 O-O 6. Be2 e5 7.
O-O Na6 8. Re1 c6 9. Bf1 exd4 10. Nxd4 Ng4 11. h3 Qb6 12. hxg4 Qxd4 13. g5 Qe5 14. Be3 Qe7 15. Qd2 Be6 16. Rad1 Rfd8 17. b3 Nc5 18. f3 a5 19. Qc2 f6 20. gxf6 Qxf6 21. Ne2 Qe7 22. Bd4 Be5 23. f4 Bg7 24.
Bxg7 Qxg7 25. Nd4 Bg4 26. Be2 Bxe2 27. Qxe2 Re8 28. Qf3 Re7 29. f5 Rf8 30. a3 Qe5 31. Qg4 Rg7 32. Nf3 Qf6 33. Qf4 Rd7 34. b4 axb4 35. axb4 Na6 36. c5 Nxb4 37. cxd6 Nc2 38.
e5 Qxf5 39. Qxf5 Rxf5 40. e6 Nxe1 41. exd7 Nxf3+ 42. gxf3 Rf8 43. Re1 Kf7 44. Re7+ Kf6 45. Re8 1-0

[Event "*** SCC Grand Prix: Titled Tuesday Blitz"]
[Site "Chess.com"]
[Date "2020.06.23"]
[Round "6"]
[White "AungTZ"]
[Black "Boninknights"]
[Result "0-1"]
[WhiteElo "2081"]
[BlackElo "2309"]
[TimeControl "180+1"]
[EndTime "11:05:30 PDT"]
[Termination "Boninknights won by resignation"]

1. e4 c5 2. Nf3 Nc6 3. Bb5 g6 4. O-O Bg7 5. c3 Nf6 6. Re1 O-O 7. d4 cxd4 8. cxd4 d5 9. e5 Ne4 10.
Nbd2 Nxd2 11. Bxd2 Bg4 12. Bxc6 bxc6 13. h3 Bxf3 14.
Qxf3 Rb8 15. b4 Qb6 16. Qd3 f6 17. e6 f5 18. Bc3 Qb5 19. Qd2 f4 20. f3 Rf5 21. a4 Qb7 22. Rac1 Rbf8 23. Qd3 g5 24. Rb1 h5 25. b5 cxb5 26. Qxb5 Qxb5 27. Rxb5 g4 28. Rb7 Bf6 29. hxg4 hxg4 30. fxg4 Rg5 31. Rf1 Rxg4 32. Rxa7 Rc8 33. Ba1 Rc2 34. Ra8+ Kg7 35. Rb1 Rgxg2+ 36. Kf1 Rcf2+ 37. Ke1 Bh4 0-1

[Event "*** SCC Grand Prix: Titled Tuesday Blitz"]
[Site "Chess.com"]
[Date "2020.06.23"]
[Round "6"]
[White "enzovsky"]
[Black "tigra"]
[Result "0-1"]
[WhiteElo "2356"]
[BlackElo "2784"]
[TimeControl "180+1"]
[EndTime "11:05:31 PDT"]
[Termination "tigra won by resignation"]

1. e4 c5 2. Nf3 d6 3. d4 cxd4 4.
Nxd4 Nf6 5. Nc3 a6 6. Bg5 Nbd7 7. Qe2 h6 8. Bh4 g6 9. f4 e5 10. fxe5 dxe5 11. O-O-O Qc7 12. Nb3 b5 13. Nd5 Nxd5 14. exd5 Bd6 15. Qd2 Kf8 16. g4 h5 17. gxh5 Rxh5 18.
Bg5 e4 19. Kb1 Ne5 20. Bh6+ Kg8 21. Be2 Nc4 22. Bxc4 bxc4 23. Nd4 Rb8 24. Nc6 c3 25. Qe3 Rxb2+ 26. Ka1 Rh3 27. Qg5 Kh7 28. Rhf1 Rxh6 29. Nd8 f5 30. Nc6 Qb7 31. Rb1 Rxh2 32. Rh1 Rxb1+ 33.
Rxb1 Qxb1+ 34. Kxb1 Rh1+ 35. Qc1 Rxc1+ 36. Kxc1 e3 0-1

[Event "*** SCC Grand Prix: Titled Tuesday Blitz"]
[Site "Chess.com"]
[Date "2020.06.23"]
[Round "6"]
[White "timator"]
[Black "Sueetin"]
[Result "1-0"]
[WhiteElo "2548"]
[BlackElo "2349"]
[TimeControl "180+1"]
[EndTime "11:05:33 PDT"]
[Termination "timator won on time"]

1. Nf3 d5 2. d4 Nf6 3. c4 e6 4. Nc3 Bb4 5. Bg5 h6 6. Bxf6 Qxf6 7. Qa4+ Nc6 8. e3 O-O 9. Be2 dxc4 10. Bxc4 a6 11. Qc2 e5 12. d5 Ne7 13. O-O Bg4 14.
Nd2 Bd6 15. Nce4 Qh4 16. g3 Qh5 17. f3 Bh3 18. Rfe1 f5 19. Nf2 Ng6 20. Be2 f4 21. exf4 Nxf4 22. gxf4 Rxf4 23. Nxh3 Qxh3 24. Qg6 Raf8 25.
Qe6+ Qxe6 26. dxe6 Re8 27. Kg2 b5 28. a4 Rxe6 29. axb5 axb5 30. Bxb5 Rg6+ 31. Kh1 Rh4 32. Bc4+ Kf8 33. Ra8+ Ke7 34. Ne4 Rh5 35. Bd3 1-0

[Event "*** SCC Grand Prix: Titled Tuesday Blitz"]
[Site "Chess.com"]
[Date "2020.06.23"]
[Round "6"]
[White "rududuyk"]
[Black "Azoulas1"]
[Result "1-0"]
[WhiteElo "2149"]
[BlackElo "2014"]
[TimeControl "180+1"]
[EndTime "11:05:34 PDT"]
[Termination "rududuyk won on time"]

1. e4 c5 2. Nc3 Nc6 3. f4 e6 4. Nf3 g6 5. Bc4 Bg7 6. O-O Nge7 7. d3 O-O 8. Qe1 a6 9. a4 b6 10. f5 exf5 11. Qh4 Bb7 12. Bg5 d6 13. Nd5 Re8 14.
Nf6+ Bxf6 15. Bxf6 fxe4 16. dxe4 Rc8 17. Qh6 Nf5 18.
exf5 Qxf6 19. Ng5 Qg7 20. Bxf7+ Kh8 21. Qxg7+ Kxg7 22. Bxe8 Rxe8 23. fxg6 Kxg6 24. h4 Nd4 25. c3 Re2 26. Nf3 Nxf3+ 27. gxf3 Rxb2 28. Rae1 Kf7 29. Rf2 Rb3 30. Re3 Rb1+ 31. Kg2 Ra1 32. Rfe2 Bd5 33. Rd2 Bc4 34. Rxd6 Rxa4 35. Rxb6 Ra2+ 36. Kg3 Rd2 37. Rc6 Be6 38. Rcxe6 Rd1 39. Re7+ Kf6 40. Rxh7 1-0

[Event "*** SCC Grand Prix: Titled Tuesday Blitz"]
[Site "Chess.com"]
[Date "2020.06.23"]
[Round "6"]
[White "Kopytkin"]
[Black "aNaartjieZA"]
[Result "0-1"]
[WhiteElo "2402"]
[BlackElo "2577"]
[TimeControl "180+1"]
[EndTime "11:05:35 PDT"]
[Termination "aNaartjieZA won on time"]

1. e4 e6 2. d4 d5 3. e5 c5 4. c3 Nc6 5. Nf3 Qb6 6. Be2 Nh6 7. Na3 cxd4 8. cxd4 Bxa3 9. bxa3 Nf5 10. Be3 Qa5+ 11. Qd2 Qxa3 12. O-O h6 13. g4 Nfe7 14. Rfc1 Qa5 15.
Qd1 h5 16. h3 hxg4 17. hxg4 Ng6 18. Kg2 Nh4+ 19. Nxh4 Rxh4 20. Kg3 Rh8 21. Qd3 Bd7 22. Rab1 O-O-O 23. Bd2 Qc7 24. f4 f6 25. a4 Rdf8 26.
Kg2 g5 27. a5 f5 28. gxf5 Rxf5 29. a6 b6 30. fxg5 Qd8 31. Qg3 Kb8 32. Rxc6 Bxc6 33. Bg4 Rxg5 34. Bxg5 Qxg5 35. Rf1 Bb5 36. Rf4 Rg8 37. Qh3 Qxf4 0-1

[Event "*** SCC Grand Prix: Titled Tuesday Blitz"]
[Site "Chess.com"]
[Date "2020.06.23"]
[Round "6"]
[White "warmoatmeal"]
[Black "iverichighladze"]
[Result "0-1"]
[WhiteElo "2314"]
[BlackElo "2450"]
[TimeControl "180+1"]
[EndTime "11:05:36 PDT"]
[Termination "iverichighladze won by resignation"]

1. Nf3 Nf6 2. d4 g6 3. Bg5 Bg7 4. Nbd2 d5 5. e3 O-O 6. Be2 c5 7. c4 cxd4 8. Nxd4 e5 9. N4f3 Nc6 10. cxd5 Qxd5 11. Nc4 e4 12. Qxd5 Nxd5 13. Nfd2 f5 14. O-O Be6 15. Rac1 Ncb4 16. a3 Nd3 17. Bxd3 exd3 18.
Rfd1 b5 19. Nd6 Bxb2 20. Rc6 Bxa3 21. Nxb5 Bd7 22. Rc3 Nxc3 23. Nxc3 a5 24. Nd5 Ba4 25. Ra1 Bb4 26. Nc4 Bb3 27. Ncb6 d2 28. Nxa8 Bxd5 29. Nb6 Bb3 0-1

[Event "*** SCC Grand Prix: Titled Tuesday Blitz"]
[Site "Chess.com"]
[Date "2020.06.23"]
[Round "6"]
[White "MacDaddyMac"]
[Black "boasovietica"]
[Result "0-1"]
[WhiteElo "2258"]
[BlackElo "2449"]
[TimeControl "180+1"]
[EndTime "11:05:36 PDT"]
[Termination "boasovietica won by resignation"]

1. e4 e5 2. Nf3 Nc6 3. Bb5 a6 4. Ba4 Nf6 5. O-O Be7 6. d3 d6 7. h3 O-O 8. Re1 b5 9. Bb3 Na5 10.
Nbd2 Bb7 11. Nf1 Nxb3 12. axb3 Re8 13. Ng3 g6 14. Bh6 c5 15. Qd2 Bf8 16. Bxf8 Rxf8 17.
Qh6 Re8 18. Ng5 Qe7 19. c4 Qf8 20. Qh4 Qe7 21. Re3 Kg7 22. Rf1 h6 23. Nf3 Bc6 24. Nh2 Nd7 25. Qg4 Qg5 26. Qxg5 hxg5 27. Ng4 Rf8 28. f3 f5 29. Nf2 f4 30. Nh5+ gxh5 0-1

[Event "*** SCC Grand Prix: Titled Tuesday Blitz"]
[Site "Chess.com"]
[Date "2020.06.23"]
[Round "6"]
[White "AllStarShark"]
[Black "j2806"]
[Result "1-0"]
[WhiteElo "2299"]
[BlackElo "2061"]
[TimeControl "180+1"]
[EndTime "11:05:36 PDT"]
[Termination "AllStarShark won by resignation"]

1. d4 Nf6 2. Bg5 e6 3. e4 Be7 4.
Bd3 d5 5. e5 Ne4 6. Bxe7 Qxe7 7. h4 c5 8. Qf3 cxd4 9. Bxe4 dxe4 10. Qxe4 Nc6 11. Nf3 Qb4+ 12. Nbd2 Qxb2 13. O-O Qc3 14. Qg4 O-O 15. Ne4 Qa5 16. Nf6+ Kh8 17. Nxh7 Rd8 18. Nhg5 Kg8 19. Qh5 Qc7 20. Qh7+ Kf8 21.
Qh8+ Ke7 22. Qxg7 Rf8 23. Rfd1 Bd7 24. h5 Nb4 25. Nxd4 Nd5 26. h6 Nf4 27. Qf6+ Ke8 28. Qxf4 Ba4 29. Ndxe6 fxe6 30. Qxa4+ Ke7 1-0

[Event "*** SCC Grand Prix: Titled Tuesday Blitz"]
[Site "Chess.com"]
[Date "2020.06.23"]
[Round "6"]
[White "Julianos82"]
[Black "baby_leo"]
[Result "1-0"]
[WhiteElo "2239"]
[BlackElo "1962"]
[TimeControl "180+1"]
[EndTime "11:05:36 PDT"]
[Termination "Julianos82 won by resignation"]

1. d4 Nf6 2. Nf3 e6 3. Bg5 d5 4.
Nbd2 Be7 5. e3 O-O 6. Bd3 h6 7. Bf4 c5 8. c3 b6 9. Ne5 Bb7 10. Qf3 Nbd7 11. g4 Nxe5 12. Bxe5 Nd7 13. Bf4 Bf6 14. Qg3 Re8 15. Nf3 g5 16. Be5 Bxe5 17. dxe5 d4 18. O-O-O Bxf3 19. Qxf3 Nxe5 20. Qe4 Ng6 21.
h4 dxc3 22. Bb5 cxb2+ 23. Kxb2 Qf6+ 24. Kb1 Red8 25. Rd7 Rxd7 26. Qxa8+ Rd8 27. Qxa7 Qxf2 28. hxg5 hxg5 29. Qxb6 Qxe3 30. Qxd8+ Kg7 31. Qd3 Qe5 32. a4 Nf4 33. Qh7+ Kf6 34. Qh8+ 1-0

[Event "*** SCC Grand Prix: Titled Tuesday Blitz"]
[Site "Chess.com"]
[Date "2020.06.23"]
[Round "6"]
[White "nrvisakh"]
[Black "Roman_Ovetchkin"]
[Result "1-0"]
[WhiteElo "2782"]
[BlackElo "2570"]
[TimeControl "180+1"]
[EndTime "11:05:37 PDT"]
[Termination "nrvisakh won by resignation"]

1. d4 Nf6 2. c4 g6 3. Nc3 Bg7 4. e4 d6 5. Be2 O-O 6. Be3 c5 7. d5 b5 8. cxb5 a6 9. a4 Qa5 10. Bd2 axb5 11. Nxb5 Qb6 12. Qc2 Ba6 13. Ra3 e6 14.
dxe6 fxe6 15. Nf3 Nc6 16. O-O d5 17. exd5 exd5 18. Rc1 c4 19. Bxc4 dxc4 20. Qxc4+ Kh8 21. Qxc6 Qb8 22. Bc3 Rc8 23. Qd6 Bxb5 24. Qxb8 Raxb8 25. axb5 Rxb5 26. h3 Kg8 27. Ra7 Ne8 28. Re1 Bxc3 29.
bxc3 Rbc5 30. Ree7 Rxc3 31. Rxh7 Rc1+ 32. Kh2 R1c2 33. Ne5 1-0

[Event "*** SCC Grand Prix: Titled Tuesday Blitz"]
[Site "Chess.com"]
[Date "2020.06.23"]
[Round "6"]
[White "Phriex"]
[Black "WIDBIFS"]
[Result "0-1"]
[WhiteElo "2405"]
[BlackElo "2716"]
[TimeControl "180+1"]
[EndTime "11:05:37 PDT"]
[Termination "WIDBIFS won by resignation"]

1. d4 Nf6 2. c4 g6 3. g3 Bg7 4. Bg2 O-O 5. Nc3 d6 6. Nf3 Nc6 7. O-O Bf5 8. Ne1 Qd7 9. e4 Bh3 10. Be3 Bxg2 11. Kxg2 Ng4 12. Nc2 Nxe3+ 13. fxe3 e5 14. d5 Ne7 15. b4 c6 16. Qd3 Rac8 17.
Rad1 Rfd8 18. h3 Qc7 19. a3 cxd5 20. Nxd5 Nxd5 21. Qxd5 Qxc4 22. Ne1 Qxd5 23. Rxd5 Rc3 24. Rd3 Rc4 25. Nf3 Rc2+ 26. Rf2 Rc1 27. Rfd2 Rc6 28. g4 h6 29. Rd5 Rc3 30. Nxe5 Rxe3 31. Nc4 Rxe4 32.
Nxd6 Re5 33. Rxe5 Bxe5 34. Nc4 Rxd2+ 35. Nxd2 b5 36. Ne4 Bb2 37. Nd6 a6 38. Ne8 Bxa3 39. Nc7 Bxb4 40. Nxa6 Bd6 41. Kf3 f5 42. gxf5 gxf5 43.
Ke3 Kf7 44. Kd4 Ke6 45. Kc3 f4 0-1

[Event "*** SCC Grand Prix: Titled Tuesday Blitz"]
[Site "Chess.com"]
[Date "2020.06.23"]
[Round "6"]
[White "ALEXJR20"]
[Black "vova-79"]
[Result "0-1"]
[WhiteElo "2205"]
[BlackElo "2422"]
[TimeControl "180+1"]
[EndTime "11:05:37 PDT"]
[Termination "vova-79 won by checkmate"]

1. d4 d5 2. Nf3 Nf6 3. c4 c6 4. g3 dxc4 5. Bg2 g6 6. O-O Bg7 7.
Qc2 O-O 8. Rd1 b5 9. Ne5 Bb7 10. a4 a6 11. Bf4 Nd5 12. e4 Nxf4 13. gxf4 Nd7 14. Nc3 Qc7 15. Kh1 Rad8 16. Rd2 Nxe5 17. fxe5 c5 18. axb5 cxd4 19. Nd5 Bxd5 20. exd5 axb5 21.
f4 d3 22. Qc1 f6 23. b3 fxe5 24. bxc4 bxc4 25. fxe5 Bxe5 26. Ra4 Bf4 27. Rxc4 Bxd2 28.
Rxc7 Bxc1 29. Rxc1 Rf2 30. Rd1 Rxg2 31. Kxg2 Rxd5 32.
Kf3 Kf7 33. Ke4 Rd6 34. Rd2 Ke6 35. h3 g5 36. Kf3 Kf5 37. Kg3 Ke4 38. Kf2 Kd4 39. Kf3 e5 40. Ra2 e4+ 41. Kg4 e3 42. Kxg5 e2 43. Ra4+ Ke3 44. Rg4 e1=Q 45. h4 Rg6+ 46. Kh5 Rxg4 47. Kxg4 d2 48. Kh5 d1=Q+ 49. Kh6 Qxh4+ 50. Kg7 Qd7+ 51. Kh8 Qhd8# 0-1